 Dungeon Crawl Stone Soup version 0.29-a0-330-g52719c12eb (webtiles) character file.

Game seed: 5655196834781871378

17306 Crownlay the Frost Mage (level 12, -1/91 HPs)
             Began as a Gnoll Ice Elementalist on May 5, 2022.
             Killed from afar by an acid dragon (27 damage)
             ... with a splash of acid
             ... on level 9 of the Dungeon.
             The game lasted 00:30:03 (12823 turns).

Crownlay the Frost Mage (Gnoll Ice Elementalist)   Turns: 12823, Time: 00:30:03

Health: -1/91      AC: 17    Str: 14    XL:     12   Next: 46%
Magic:  3/24       EV: 15    Int: 21    God:
Gold:   347        SH:  5    Dex: 13    Spells: 17/28 levels left

rFire   . . .      SeeInvis +   f - +3 dagger (elec)
rCold   . . .      Faith    .   (no shield)
rNeg    + . .      Spirit   .   r - +2 robe {rN+}
rPois   .          Reflect  +   L - +3 crown of Dyrovepreva {rElec Int+2 SInv}
rElec   +          Harm     .   (no cloak)
rCorr   .          Rampage  .   i - +0 pair of gloves
Will    .....                   (no boots)
Stlth   ++++......              m - amulet of reflection
HPRegen 0.25/turn               h - +6 ring of strength
MPRegen 0.19/turn               a - ring of wizardry

@: ice-armoured, about to teleport, freezing walls, very slightly contaminated,
studying Bows
A: fangs 1, strong nose, distributed training
a: no special abilities


You were on level 9 of the Dungeon.
You visited 2 branches of the dungeon, and saw 10 of its levels.
You also visited: Sewer and Bailey.

You collected 487 gold pieces.
You spent 140 gold pieces at shops.

Inventory:

Hand Weapons
 f - a +3 dagger of electrocution (weapon)
Missiles
 J - 21 boomerangs (quivered)
Armour
 i - a +0 pair of gloves (worn)
 r - a +2 robe of positive energy (worn)
 L - the +3 crown of Dyrovepreva (worn) {rElec Int+2 SInv}
   (You found it on level 9 of the Dungeon)

   Int:       It affects your intelligence (+2).
   rElec:     It insulates you from electricity.
   SInv:      It lets you see invisible.
Jewellery
 a - a ring of wizardry (right hand)
 h - a +6 ring of strength (left hand)
 m - an amulet of reflection (around neck)
 x - a ring of poison resistance
 G - a ring of ice
Wands
 q - a wand of polymorph (19)
 s - a wand of digging (5)
Scrolls
 c - 3 scrolls of enchant armour
 g - 2 scrolls of summoning
 l - 4 scrolls of fear
 o - 4 scrolls of magic mapping
 u - 3 scrolls of fog
 y - a scroll of amnesia {unknown}
 C - a scroll of brand weapon {unknown}
 E - a scroll of silence {unknown}
 F - a scroll of vulnerability {unknown}
 I - 2 scrolls of blinking
Potions
 b - 3 potions of magic
 e - a potion of ambrosia
 j - 4 potions of curing
 k - a potion of haste
 n - 3 potions of brilliance {unknown}
 p - 3 potions of heal wounds {unknown}
 t - 3 potions of resistance {unknown}
 v - a potion of degeneration {unknown}
 w - a potion of flight {unknown}
 z - a potion of lignification {unknown}
 A - a potion of might {unknown}
 B - a potion of mutation {unknown}
 H - 2 potions of invisibility {unknown}
Miscellaneous
 K - a phial of floods


   Skills:
 + Level 7.2 Fighting
 + Level 7.2 Short Blades
 + Level 7.2 Long Blades
 + Level 7.2 Axes
 + Level 7.2 Maces & Flails
 + Level 7.2 Polearms
 + Level 7.2 Staves
 + Level 7.2 Slings
 + Level 9.3 Bows
 + Level 7.2 Crossbows
 + Level 7.2 Throwing
 + Level 7.2 Armour
 + Level 8.6 Dodging
 + Level 8.4 Stealth
 + Level 7.2 Shields
 + Level 7.2 Unarmed Combat
 + Level 8.9 Spellcasting
 + Level 6.0 Conjurations
 + Level 6.0 Hexes
 + Level 6.0 Summonings
 + Level 6.0 Necromancy
 + Level 6.0 Translocations
 + Level 6.0 Transmutations
 + Level 6.0 Fire Magic
 + Level 9.4 Ice Magic
 + Level 6.0 Air Magic
 + Level 6.0 Earth Magic
 + Level 6.0 Poison Magic
 + Level 7.9 Invocations
 + Level 7.2 Evocations


You had 17 spell levels left.
You knew the following spells:

 Your Spells              Type           Power      Damage    Failure   Level
a - Freeze                Ice            100%       1d11      1%          1
b - Frozen Ramparts       Ice            96%        1d11      1%          3
c - Ozocubu's Armour      Ice            48%        N/A       1%          3
d - Hailstorm             Conj/Ice       41%        3d10      1%          4

Your spell library contained the following spells:

 Spells                   Type           Power      Damage    Failure   Level
 Apportation              Tloc           68%        N/A       1%          1
 Corpse Rot               Necr/Air       68%        N/A       1%          2
 Static Discharge         Conj/Air       34%        N/A       1%          2
 Summon Guardian Golem    Hex/Summ       34%        N/A       1%          3
 Dispel Undead            Necr           34%        3d15      2%          4
 Sticky Flame             Conj/Fire      34%        2d5       2%          4
 Alistair's Intoxication  Tmut/Pois      22%        N/A       7%          5
 Death Channel            Necr           17%        N/A       34%         6
 Orb of Destruction       Conj           17%        9d7       87%         7
 Spellforged Servitor     Conj/Summ      17%        N/A       87%         7


Dungeon Overview and Level Annotations

Branches:
Dungeon (9/15)             Temple (1/1) D:5            Lair (0/6) D:8
  Sewer (visited)          Bailey (visited)
    Orc: D:9-12

Altars:
Ashenzari
Cheibriados
Dithmenos
Elyvilon
Fedhas
Gozag
Hepliaklqana
Kikubaaqudgha
Makhleb
Nemelex Xobeh
Okawaru
Qazlal
Ru
Sif Muna
Trog
Vehumet
Wu Jian
Xom
Yredelemnul
Zin
The Shining One

Shops:
D:1 (   D:2 ?*   D:4 ?


Innate Abilities, Weirdness & Mutations

You have very sharp teeth.
Your uncanny sense of smell can sniff out nearby items.
Your experience applies equally to all skills.


Message History

Casting: Frozen Ramparts (safe; 1% risk of failure)
Press: ? - help, Dir - look around, f - activate The walls around you are covered in ice.
The acid dragon roars!
You hear a shout! x2
The wall freezes the centaur.
The centaur hits you but does no damage.
The centaur kicks you but does no damage.
A wight comes into view.
It is wielding a +0 flail and wearing a +0 robe of cold resistance.
You hear an angry hiss.
Casting: Frozen Ramparts (safe; 1% risk of failure)
Confirm with . or Enter, or press ? or * to list all spells.
A film of ice covers your body!
The wall freezes the centaur.
The centaur barely misses you. The centaur kicks you.
* * * LOW HITPOINT WARNING * * *
The wall freezes the acid dragon.
The wall freezes the centaur.
The centaur misses you.
The centaur kicks you but does no damage.
As you read the scroll of teleportation, it crumbles to dust.
You feel strangely unstable.
The wall freezes the centaur.
The centaur hits you.
* * * LOW HITPOINT WARNING * * *
The centaur closely misses you.
The wall freezes the acid dragon!
The acid dragon bites you but does no damage.
The acid dragon misses you.
The wight completely resists.
The wall freezes the wight but does no damage.
Casting: Ozocubu's Armour (safe; 1% risk of failure)
Confirm with . or Enter, or press ? or * to list all spells.
You don't have enough magic to cast this spell.
You closely miss the centaur.
The centaur is moderately wounded.
The wall freezes the centaur.
The centaur hits you but does no damage.
The centaur kicks you.
* * * LOW HITPOINT WARNING * * *
The wight completely resists.
The wall freezes the wight but does no damage.
The wall freezes the acid dragon!
The acid dragon spits acid at you. The splash of acid hits you!!
You die...

#......># #.....#######...
#.....### ∆∆ ###.............
#.....# #!∆ #.............
#...### ..# ###........... ....#
#.. # ###........... ....# ..# #.
..##...........
#...##..####..####..##.#####.....
#.........?∆ #...c.....# #.....
[.Q.u)....)∆ #$z@D.c...# #....#
#..u##..####..####..##.# #....#
#.#.# ..# # .##.# #....# ..#.#
#.. ##.# #..### ..#.### ..# ###.#
#.†# ..#...# #c ∆∆ #...# #†.###
..#...### ∆∆ ###...# #.....
###.....# #.....# #.....
........##########...<.#####.....


You could see a centaur warrior, an acid dragon (catching breath), a centaur and
a wight.

Vanquished Creatures
  A hydra (D:7)
  2 vault guards (Bailey)
  2 death knights (D:9)
  A centaur warrior (D:9)
  A cyclops (D:7)
  A manticore (D:9)
  Joseph (D:8)
  Prince Ribbit (Bailey)
  Grinder (D:3)
  Sigmund (D:3)
  A wraith (D:9)
  6 yaks (D:9)
  5 humans (Bailey)
  Grum (D:8)
  A steam dragon (D:7)
  A water moccasin (D:8)
  An orc warrior (D:8)
  A sky beast (D:6)
  2 black bears
  Pargi (Sewer)
  3 wolves (D:8)
  3 centaurs
  3 ogres
  2 phantoms
  8 bullfrogs
  A kobold brigand (D:4)
  2 scorpions
  5 wights (D:8)
  4 killer bees (D:7)
  3 howler monkeys
  A jelly (D:4)
  6 hounds
  3 orc priests
  An iguana (D:5)
  5 orc wizards
  4 gnolls (D:5)
  7 adders
  3 shadow imps
  An ufetubus (D:5)
  3 dart slugs
  41 orcs
  7 bats
  5 endoplasms
  5 giant cockroaches
  17 goblins
  13 hobgoblins
  4 jackals (D:2)
  7 quokkas
  11 ball pythons
  8 frilled lizards
  4 kobolds
  5 rats
227 creatures vanquished.

Notes
Turn   | Place    | Note
-------+----------+-------------------------------------------
     0 | D:1      | Crownlay the Gnoll Ice Elementalist began the quest for the
                  | Orb.
     0 | D:1      | Reached XP level 1. HP: 13/13 MP: 6/6
   375 | D:1      | Found Daopt's Antique Weapon Shop.
   397 | D:1      | Reached XP level 2. HP: 19/19 MP: 2/7
   661 | D:1      | Found a faded altar of an unknown god.
  1059 | D:1      | Reached XP level 3. HP: 25/25 MP: 9/9
  1082 | D:1      | Reached skill level 5 in Spellcasting
  1764 | D:2      | Reached skill level 1 in Invocations
  1885 | D:2      | Reached skill level 1 in Fighting
  1885 | D:2      | Reached skill level 1 in Short Blades
  1885 | D:2      | Reached skill level 1 in Long Blades
  1885 | D:2      | Reached skill level 1 in Axes
  1885 | D:2      | Reached skill level 1 in Maces & Flails
  1885 | D:2      | Reached skill level 1 in Polearms
  1885 | D:2      | Reached skill level 1 in Staves
  1885 | D:2      | Reached skill level 1 in Slings
  1885 | D:2      | Reached skill level 1 in Bows
  1885 | D:2      | Reached skill level 1 in Crossbows
  1885 | D:2      | Reached skill level 1 in Throwing
  1885 | D:2      | Reached skill level 1 in Armour
  1885 | D:2      | Reached skill level 1 in Shields
  1885 | D:2      | Reached skill level 1 in Unarmed Combat
  1885 | D:2      | Reached skill level 1 in Evocations
  1922 | D:2      | Reached XP level 4. HP: 32/32 MP: 11/11
  1944 | D:2      | Found Nityvuth's Assorted Antiques.
  2144 | D:2      | Found Suelimu's Magic Scroll Shoppe.
  2156 | D:2      | Bought a scroll of noise for 12 gold pieces
  2156 | D:2      | Bought a scroll of identify for 24 gold pieces
  2181 | D:2      | Learned a level 3 spell: Frozen Ramparts
  2185 | D:2      | Learned a level 3 spell: Ozocubu's Armour
  2637 | D:3      | Noticed a black bear
  2655 | D:3      | Killed a black bear
  2656 | D:3      | Reached skill level 1 in Conjurations
  2656 | D:3      | Reached skill level 1 in Hexes
  2656 | D:3      | Reached skill level 1 in Summonings
  2656 | D:3      | Reached skill level 1 in Necromancy
  2656 | D:3      | Reached skill level 1 in Translocations
  2656 | D:3      | Reached skill level 1 in Transmutations
  2656 | D:3      | Reached skill level 1 in Fire Magic
  2656 | D:3      | Reached skill level 1 in Air Magic
  2656 | D:3      | Reached skill level 1 in Earth Magic
  2656 | D:3      | Reached skill level 1 in Poison Magic
  2656 | D:3      | Reached XP level 5. HP: 16/37 MP: 6/12
  2863 | D:3      | Identified the +0 pair of gloves "Moish" {-Cast Harm rElec
                  | rF+}
  3282 | D:3      | Noticed Sigmund
  3290 | D:3      | Killed Sigmund
  3291 | D:3      | Reached skill level 5 in Dodging
  3291 | D:3      | Reached XP level 6. HP: 44/44 MP: 14/14
  3598 | D:4      | Noticed Grinder
  3717 | D:3      | Killed Grinder
  3718 | D:3      | Reached XP level 7. HP: 50/51 MP: 9/15
  3969 | D:4      | Found Qoateves's Magic Scroll Emporium.
  3979 | D:4      | Reached skill level 5 in Stealth
  4011 | D:4      | Bought a scroll of identify for 22 gold pieces
  4011 | D:4      | Bought a scroll of identify for 22 gold pieces
  4011 | D:4      | Bought a scroll of fog for 22 gold pieces
  4011 | D:4      | Bought a scroll of magic mapping for 38 gold pieces
  4164 | D:4      | Reached XP level 8. HP: 8/57 MP: 8/16
  4735 | D:5      | Entered Level 5 of the Dungeon
  4987 | D:5      | Found a staircase to the Ecumenical Temple.
  4999 | Temple   | Entered the Ecumenical Temple
  5250 | D:5      | Found a white marble altar of Elyvilon.
  5507 | D:5      | Found an opulent altar of Gozag.
  5873 | D:6      | Found a glowing drain.
  5898 | Sewer    | Entered a sewer
  6040 | Sewer    | Noticed Pargi
  6046 | Sewer    | Killed Pargi
  6047 | Sewer    | Reached XP level 9. HP: 61/65 MP: 11/18
  6231 | D:6      | Found a radiant altar of Vehumet.
  6619 | D:6      | Found an ornate altar of the Wu Jian Council.
  6878 | D:7      | Identified the +2 robe of Zealous Salvation {rElec rF-
                  | SInv}
  7067 | D:7      | Noticed a cyclops
  7524 | D:7      | Killed a cyclops
  7851 | D:7      | Reached skill level 5 in Invocations
  7902 | D:7      | Noticed a five-headed hydra
  8054 | D:7      | Reached skill level 5 in Bows
  8069 | D:7      | Killed a five-headed hydra
  8070 | D:7      | Reached XP level 10. HP: 35/73 MP: 7/20
  8655 | D:8      | Found an iron altar of Okawaru.
  8655 | D:8      | Noticed Grum
  8664 | D:8      | Killed Grum
  8665 | D:8      | Reached skill level 5 in Fighting
  8665 | D:8      | Reached skill level 5 in Short Blades
  8665 | D:8      | Reached skill level 5 in Long Blades
  8665 | D:8      | Reached skill level 5 in Axes
  8665 | D:8      | Reached skill level 5 in Maces & Flails
  8665 | D:8      | Reached skill level 5 in Polearms
  8665 | D:8      | Reached skill level 5 in Staves
  8665 | D:8      | Reached skill level 5 in Slings
  8665 | D:8      | Reached skill level 5 in Crossbows
  8665 | D:8      | Reached skill level 5 in Throwing
  8665 | D:8      | Reached skill level 5 in Armour
  8665 | D:8      | Reached skill level 5 in Shields
  8665 | D:8      | Reached skill level 5 in Unarmed Combat
  8665 | D:8      | Reached skill level 5 in Evocations
  8677 | D:8      | Found a staircase to the Lair.
  8692 | D:8      | Found a flagged portal.
  8733 | Bailey   | Entered a bailey
  9245 | Bailey   | Noticed Prince Ribbit
  9246 | Bailey   | Noticed a vault guard
  9387 | Bailey   | Noticed a vault guard
  9416 | Bailey   | Killed a vault guard
  9623 | Bailey   | Learned a level 4 spell: Hailstorm
  9643 | Bailey   | Killed a vault guard
  9653 | Bailey   | Killed Prince Ribbit
  9949 | Bailey   | Reached XP level 11. HP: 80/81 MP: 15/22
 10478 | D:8      | Identified the +3 whip of the Arena {venom, Fragile Fly
                  | Will- Dex+8}
 10824 | D:8      | Reached skill level 5 in Conjurations
 10824 | D:8      | Reached skill level 5 in Hexes
 10824 | D:8      | Reached skill level 5 in Summonings
 10824 | D:8      | Reached skill level 5 in Necromancy
 10824 | D:8      | Reached skill level 5 in Translocations
 10824 | D:8      | Reached skill level 5 in Transmutations
 10824 | D:8      | Reached skill level 5 in Fire Magic
 10824 | D:8      | Reached skill level 5 in Air Magic
 10824 | D:8      | Reached skill level 5 in Earth Magic
 10824 | D:8      | Reached skill level 5 in Poison Magic
 10824 | D:8      | Reached XP level 12. HP: 89/89 MP: 22/24
 11142 | D:8      | Noticed Joseph
 11147 | D:8      | Killed Joseph
 11299 | D:9      | Noticed a death knight
 11299 | D:9      | Noticed a death knight
 11299 | D:9      | Found the +3 crown of Dyrovepreva {rElec Int+2 SInv}
 11305 | D:9      | Killed a death knight
 11308 | D:9      | HP: 4/89 [mirror damage (6)]
 11699 | D:9      | Killed a death knight
 12800 | D:9      | Noticed a centaur warrior
 12808 | D:9      | Noticed a tengu warrior
 12813 | D:9      | Killed a centaur warrior
 12819 | D:9      | Noticed a centaur warrior
 12823 | D:9      | Killed from afar by an acid dragon

Illustrated notes

Levels and vault maps discovered:
D:1:      dpeg_arrival_snail, layout_basic, serial_shops,
          nicolae_shop_overgrown_old_shop,
          shapermc_ecumenical_altar_mp_highgroup
D:2:      layout_basic, serial_shops, shop_fountains, shop, serial_bayou_pond_d
D:3:      layout_loops_ring, uniq_sigmund
D:4:      layout_rooms, serial_shops, nicolae_shop_statue_plus,
          supply_closet_lemuel, uniq_grinder
D:5:      layout_cave_pools, mainiacjoe_overflow_tiny_flanked,
          kennysheep_mini_moat, temple_statues, chequers_serial_rivers_large_b,
          chequers_serial_rivers_marsh, serial_bayou_pond_e
D:6:      layout_loops_ring, nicolae_wu_jian_wuxing_cycle, vehumet_crystals,
          gup_sewer_entry_glass
D:7:      layout_basic, minmay_manual_moon
D:8:      layout_loops_corners, okawaru_gym_becter, lair_entry_dummy,
          enter_bailey_5, uniq_joseph, uniq_grum
D:9:      minmay_bloctagon, layout_irregular_city, orc_0_dummy,
          minmay_checkerbox
Temple:   regret_index_temple_sphere_string

Skill      XL: |  1  2  3  4  5  6  7  8  9 10 11 12 |
---------------+-------------------------------------+-----
Spellcasting   | 5 6 7 8 |  8.9
Invocations    | 1 2 3 4 5 6 7 |  7.9
Fighting       | 1 2 3 4 5 6 7 |  7.2
Short Blades   | 1 2 3 4 5 6 7 |  7.2
Long Blades    | 1 2 3 4 5 6 7 |  7.2
Axes           | 1 2 3 4 5 6 7 |  7.2
Maces & Flails | 1 2 3 4 5 6 7 |  7.2
Polearms       | 1 2 3 4 5 6 7 |  7.2
Staves         | 1 2 3 4 5 6 7 |  7.2
Slings         | 1 2 3 4 5 6 7 |  7.2
Bows           | 1 2 3 5 7 8 9 |  9.3
Crossbows      | 1 2 3 4 5 6 7 |  7.2
Throwing       | 1 2 3 4 5 6 7 |  7.2
Armour         | 1 2 3 4 5 6 7 |  7.2
Shields        | 1 2 3 4 5 6 7 |  7.2
Unarmed Combat | 1 2 3 4 5 6 7 |  7.2
Evocations     | 1 2 3 4 5 6 7 |  7.2
Conjurations   | 1 2 3 4 5 6 |  6.0
Hexes          | 1 2 3 4 5 6 |  6.0
Summonings     | 1 2 3 4 5 6 |  6.0
Necromancy     | 1 2 3 4 5 6 |  6.0
Translocations | 1 2 3 4 5 6 |  6.0
Transmutations | 1 2 3 4 5 6 |  6.0
Fire Magic     | 1 2 3 4 5 6 |  6.0
Air Magic      | 1 2 3 4 5 6 |  6.0
Earth Magic    | 1 2 3 4 5 6 |  6.0
Poison Magic   | 1 2 3 4 5 6 |  6.0
Dodging        | 5 6 7 8 |  8.6
Stealth        | 5 6 7 8 |  8.4
Ice Magic      | 8 9 |  9.4

Action                   |  1- 3 |  4- 6 |  7- 9 | 10-12 || total
-------------------------+-------+-------+-------+-------++-------
Melee: Unarmed           |     3 |       |       |       ||     3
       Dagger            |    44 |    57 |   163 |   190 ||   454
       Bite              |     6 |     6 |    16 |    24 ||    52
       Punch             |     1 |       |     1 |     8 ||    10
Throw: Boomerang         |       |       |       |     4 ||     4
 Cast: Freeze            |    26 |       |       |       ||    26
       Frozen Ramparts   |       |    13 |    38 |    32 ||    83
       Ozocubu's Armour  |       |     5 |    23 |    24 ||    52
       Hailstorm         |       |       |       |     2 ||     2
Evoke: Wand              |       |     2 |     3 |     3 ||     8
  Use: Scroll            |       |     1 |     6 |     7 ||    14
       Potion            |       |       |     4 |     3 ||     7
 Stab: Sleeping          |     7 |     4 |       |     3 ||    14
       Paralysed         |       |     2 |     3 |       ||     5
       Distracted        |       |       |       |     1 ||     1
Armor: Robe              |    12 |    13 |    41 |    28 ||    94
Dodge: Dodged            |    41 |    45 |   114 |   104 ||   304
Block: Other             |       |       |       |     2 ||     2
       Reflection        |       |       |       |     1 ||     1

Table legend: (Time is in decaauts)
 A = Elapsed time spent in this place.
 B = Non-inter-level travel time spent in this place.
 C = Inter-level travel time spent in this place.
 D = Time resting spent in this place.
 E = Time spent auto-exploring this place.
 F = Levels seen in this place.
 G = Mean time per level.
                   A        B        C        D        E       F      G
               +--------+--------+--------+--------+--------+-----+--------+
         Total |  12739 |  12254 |    485 |    522 |   9563 |  12 | 1061.6 |
       Dungeon |  10991 |  10525 |    466 |    236 |   8427 |   9 | 1221.2 |
        Temple |    173 |    154 |     19 |      0 |    138 |   1 |  173.0 |
         Sewer |    299 |    299 |      0 |      0 |    222 |   1 |  299.0 |
        Bailey |   1274 |   1274 |      0 |    286 |    775 |   1 | 1274.0 |
               +--------+--------+--------+--------+--------+-----+--------+

Top non-repeatable levels by time:
     D:8: 2075 daAuts
     D:1: 1731 daAuts
     D:7: 1704 daAuts
  Bailey: 1274 daAuts
     D:3: 1125 daAuts
     D:4: 1003 daAuts
     D:5: 860 daAuts
     D:2: 849 daAuts
     D:6: 848 daAuts
     D:9: 792 daAuts
   Sewer: 299 daAuts
  Temple: 173 daAuts
